 Dungeon Crawl Stone Soup version 0.31-a0-75-g6fe912e8c5 (webtiles) character file.

Game seed: 9330099404983842437

76 dreadwin the Slasher (level 4, 0/41 HPs)
             Began as a Minotaur Chaos Knight on May 24, 2023.
             Was a Plaything of Xom.
             Slain by a rust devil (6 damage)
             ... summoned by Xom
             ... on level 2 of the Dungeon.
             The game lasted 00:04:26 (1028 turns).

dreadwin the Slasher (Minotaur Chaos Knight)        Turns: 1028, Time: 00:04:28

Health: 0/41       AC: -5    Str: 19    XL:     4   Next: 12%
Magic:  3/3        EV: 11    Int:  9    God:    Xom [......]
Gold:   113        SH:  0    Dex:  9    Spells: 3/3 levels left

rFire   . . .        a - +0 falchion (chaos)
rCold   . . .        (no shield)
rNeg    . . .        b - +2 leather armour
rPois   .            (helmet restricted)
rElec   .            (no cloak)
rCorr   .            (no gloves)
SInv    +            i - +0 pair of boots
Will    .....        (no amulet)
Stlth   +            o - ring of see invisible
HPRegen 0.26/turn    (no ring)
MPRegen 0.08/turn

%: no passive effects
@: weakened, corroded
A: horns 2, retaliatory headbutt
a: Renounce Religion


You were on level 2 of the Dungeon.
You worshipped Xom.
You were a very special plaything of Xom.
You visited 1 branch of the dungeon, and saw 2 of its levels.

You collected 113 gold pieces.

Inventory:

Hand Weapons
 a - a +0 falchion of chaos (weapon)
 f - a +0 sling
Armour
 b - a +2 leather armour (worn)
 i - a +0 pair of boots (worn)
Jewellery
 d - a ring of wizardry
 o - a ring of see invisible (left hand)
Scrolls
 j - a scroll of poison {unknown}
 l - a scroll of magic mapping {unknown}
 m - a scroll of noise {unknown}
 n - a scroll of identify {unknown}
Potions
 e - a potion of resistance {unknown}
 g - a potion of berserk rage {unknown}
 k - a potion of might {unknown}
Miscellaneous
 c - a piece from Xom's chessboard (9/15) (quivered)


   Skills:
 + Level 4.3 Fighting
 + Level 5.2 Long Blades
 + Level 2.9 Armour
 + Level 1.2 Dodging
 + Level 0.1 Stealth


You had 3 spell levels left.
You didn't know any spells.
Your spell library was empty.

Dungeon Overview and Level Annotations

Branches:
Dungeon (2/15)

Altars:

Shops:
D:2 =[


Innate Abilities, Weirdness & Mutations

You have a pair of horns on your head.
You reflexively headbutt those who attack you in melee.


Message History

You make a move on Xom's chessboard...
The rust devil resists with almost no effort.
The orange demon stings you.
The orange demon hits you but does no damage.
The rust devil hits you. The rust devil corrodes you!
You hit the rust devil but do no damage.
The orange demon stings you. The orange demon hits you.
You feel your attacks grow feeble. The rust devil hits you!
A shower of butterflies erupts from you!
The rust devil corrodes you!
Non-targeted evoke: piece from Xom's chessboard (12/15)
Press: ? - help, Q - select action Dir - look around, f - activate You make a move on Xom's chessboard...
The orange demon resists with almost no effort.
The rust devil misses you. You furiously retaliate!
You headbutt the rust devil, but do no damage.
The orange demon closely misses you. The orange demon barely misses you.
Non-targeted evoke: piece from Xom's chessboard (11/15)
Press: ? - help, Q - select action Dir - look around, f - activate Look: a rust devil (summoned, ally target)
You make a move on Xom's chessboard...
The orange demon twists and deforms.
The rust devil hits you!
* * * LOW HITPOINT WARNING * * *
The rust devil corrodes you! The orange demon stings you.
* * * LOW HITPOINT WARNING * * *
You are lethally poisoned!
The orange demon poisons you! The orange demon barely misses you.
It was a potion of curing.
You feel better.
Xom thinks this is hilarious!
The orange demon stings you!
* * * LOW HITPOINT WARNING * * *
The orange demon barely misses you. The rust devil closely misses you.
Non-targeted evoke: piece from Xom's chessboard (10/15)
Press: ? - help, Q - select action Dir - look around, f - activate Look: a rust devil (summoned, ally target)
You make a move on Xom's chessboard...
The orange demon twists and deforms.
The rust devil hits you.
You die... "What!?
That's it?"

##♣~~)≈≈≈≈~~~♣♣~........######...
#~~~)P~~~≈≈≈~~~~~##.#.#######..#.
~~~~~~~~~~~~~~~~~♣#.#.....∩.†.##.
~.~.~~♣~~~~~~~~~♣##.######..####.
..~.......~~P♣♣~.##.# #..<.(##.
..............##....# #.###....
~~..............4.#.## #.. #....
♣~~~P~~.~~...####4#..##..####....
♣♣~~~P~~~P~~.b.4@.b.....# #....#.
#P~P~♣♣~~P♣#######..b### ##....#.
..♣♣♣♣♣♣♣♣# )...####..####. .##
#..b......# #. .# .....###.## #.
.# ##....##†#####. .#
..<............ ##
###.#.###.####> # #.# #.


You could see 2 rust devils.

Vanquished Creatures
  An adder (D:2)
  2 dart slugs (D:2)
  5 ball pythons
  8 bats
  4 endoplasms
  4 giant cockroaches
  2 goblins
  3 hobgoblins
  10 jackals (D:2)
  2 quokkas (D:1)
  4 frilled lizards
  3 kobolds
  9 rats
57 creatures vanquished.

Notes
Turn   | Place    | Note
-------+----------+-------------------------------------------
     0 | D:1      | dreadwin the Minotaur Chaos Knight began the quest for the
                  | Orb.
     0 | D:1      | Reached XP level 1. HP: 19/19 MP: 0/0
    64 | D:1      | Reached skill level 4 in Long Blades
    87 | D:1      | Reached XP level 2. HP: 24/27 MP: 1/1
   452 | D:1      | XOM: silly message
   472 | D:1      | Reached XP level 3. HP: 27/33 MP: 2/2
   620 | D:2      | XOM: silly message
   674 | D:2      | Found a faded altar of an unknown god.
   779 | D:2      | Found Lerez's Antique Armour Boutique.
   819 | D:2      | XOM: god gift: 22 gold pieces
   873 | D:2      | Reached skill level 5 in Long Blades
   877 | D:2      | XOM: swap monsters
   887 | D:2      | Reached XP level 4. HP: 33/41 MP: 3/3
   929 | D:2      | Found Itosomuc's Jewellery Shoppe.
  1022 | D:2      | XOM: summons 3 hostile demons
  1023 | D:2      | Noticed an orange demon
  1023 | D:2      | Noticed a rust devil
  1023 | D:2      | Noticed a rust devil
  1024 | D:2      | XOM: butterfly on damage
  1028 | D:2      | Slain by a rust devil

Illustrated notes

Levels and vault maps discovered:
D:1:      tekkud_arrival_beachfront_property, layout_rooms
D:2:      minmay_razor_zed, layout_rooms, serial_shops,
          nicolae_shop_real_fake_doors, shop, ebering_ecumenical_altar_box,
          serial_bayou_ford_a

Skill      XL: |  1  2  3 |
---------------+----------+-----
Long Blades    | 4 5 |  5.2
Fighting       | 4 |  4.3
Armour         | |  2.9
Dodging        | |  1.2
Stealth        | |  0.1

Action                     |  1- 3 |  4- 6 || total
---------------------------+-------+-------++-------
  Melee: Falchion          |    99 |     7 ||   106
         Headbutt          |    14 |       ||    14
  Evoke: Piece from Xom's  |     2 |     4 ||     6
    Use: Potion            |       |     1 ||     1
   Stab: Confused          |     1 |       ||     1
 Armour: Leather armour    |    69 |     4 ||    73
  Dodge: Dodged            |   104 |     9 ||   113

Table legend: (Time is in decaauts)
 A = Elapsed time spent in this place.
 B = Non-inter-level travel time spent in this place.
 C = Inter-level travel time spent in this place.
 D = Time resting spent in this place.
 E = Time spent auto-exploring this place.
 F = Levels seen in this place.
 G = Mean time per level.
                   A        B        C        D        E       F      G
               +--------+--------+--------+--------+--------+-----+--------+
         Total |   1045 |   1045 |      0 |      0 |    483 |   2 |  522.5 |
       Dungeon |   1045 |   1045 |      0 |      0 |    483 |   2 |  522.5 |
               +--------+--------+--------+--------+--------+-----+--------+

Top non-repeatable levels by time:
     D:1: 623 daAuts
     D:2: 421 daAuts
